 Dungeon Crawl Stone Soup version 0.20-a0-738-gb057e68 (webtiles) character file.

331 polly the Shield-Bearer (level 6, -2/38 HPs)
             Began as a Gargoyle Fighter on Feb 24, 2017.
             Slain by a human zombie (5 damage)
             ... in an ossuary.
             The game lasted 00:06:34 (2978 turns).

polly the Shield-Bearer (Gargoyle Fighter)          Turns: 2978, Time: 00:06:34

Health: -2/38      AC: 11    Str: 22    XL:     6   Next: 51%
Magic:  6/6        EV:  8    Int:  8    God:
Gold:   239        SH:  9    Dex:  9    Spells: 5/5 levels left

rFire    . . .     SeeInvis .   a - +0 flail
rCold    . . .     Gourm    .   b - +0 scale mail
rNeg     + . .     Faith    .   c - +0 shield
rPois    ∞         Spirit   .   (no helmet)
rElec    +         Reflect  .   (no cloak)
rCorr    .         Harm     .   (no gloves)
MR       .....                  (no boots)
Stlth    ..........             (no amulet)
Regen    0.2/turn               (no ring)
MPRegen  0.1/turn               (no ring)

@: no status effects
A: negative energy resistance 1, electricity resistance, unbreathing,
petrification resistance, rot immunity, AC +4
a: no special abilities


You were in an ossuary.
You were hungry.

You visited 1 branch of the dungeon, and saw 4 of its levels.
You also visited: Ossuary.

You collected 239 gold pieces.

Inventory:

Hand Weapons
 a - a +0 flail (weapon)
Armour
 b - a +0 scale mail (worn)
 c - a +0 shield (worn)
 l - a +0 plate armour
Wands
 n - a wand of iceblast (3/15)
 u - a wand of polymorph (18/24)
 w - a wand of flame (25/48)
Scrolls
 e - a scroll of immolation
 g - a scroll of enchant armour {unknown}
 i - a scroll of fear {unknown}
 j - a scroll of blinking
 o - a scroll of random uselessness {unknown}
 p - a scroll of teleportation {unknown}
 q - a scroll of enchant weapon {unknown}
 r - 3 scrolls of identify
 s - a scroll of amnesia {unknown}
Potions
 d - a potion of might
 k - a potion of haste
 m - a potion of curing
 t - a potion of brilliance
Comestibles
 f - 5 bread rations
 x - a chunk of flesh
 z - a meat ration


   Skills:
 + Level 3.9 Fighting
 + Level 4.3 Maces & Flails
 + Level 4.0 Armour
 + Level 1.8 Dodging
 + Level 0.2 Stealth
 + Level 4.8 Shields


You had 5 spell levels left.
You didn't know any spells.

Dungeon Overview and Level Annotations

Branches:
Dungeon (4/15)
 Temple: D:4-7

Altars:
Qazlal
Ru


Innate Abilities, Weirdness & Mutations

You are resistant to torment.
Your stone body is resilient. (AC +4)
You are immune to poison.
You resist negative energy. (rN+)
You are resistant to electric shocks. (rElec)
You can survive without breathing.
You are immune to petrification.
You are immune to rotting.


Message History

The gnoll zombie is severely damaged.
The hound zombie completely misses you.
The gnoll zombie hits you but does no damage.
You block the hound zombie's attack.
The elf zombie hits you but does no damage.
You block the kobold zombie's attack.
The elf zombie hits you but does no damage.
The gnoll zombie barely misses you.
The orc zombie hits you but does no damage.
The human zombie hits you but does no damage.
The gnoll zombie closely misses you.
You sock the gnoll zombie!
You destroy the gnoll zombie!
The hound zombie closely misses you.
The elf zombie hits you but does no damage.
You block the kobold zombie's attack. The elf zombie closely misses you.
The hound zombie bites you but does no damage.
The orc zombie hits you but does no damage.
The human zombie hits you.
You die...

................
...............#
...............#
................
................
................
......∩Z........
......ZZZ.......
.....ZZ@ZZ......
......Z.Z.......
................
...............#
...............#
................
................
.....#####.....


You could see a hound zombie, a goblin zombie, a hobgoblin zombie, a gnoll
zombie, a kobold zombie, 2 orc zombies, 2 elf zombies and a human zombie.

Vanquished Creatures
  An elf skeleton (D:4)
  A hound (D:4)
  An orc priest (D:3)
  A centaur skeleton (D:4)
  A worker ant (D:4)
  Robin (D:3)
  4 adders
  2 oozes (D:1)
  An adder zombie (Ossuary)
  3 worms (D:3)
  A dart slug (D:1)
  A leopard gecko (D:4)
  9 orcs (D:3)
  9 bats
  3 giant cockroaches
  6 hobgoblins
  4 jackals (D:1)
  2 quokkas (D:2)
  4 frilled lizards
  A gnoll zombie (Ossuary)
  15 goblins
  5 kobolds
  2 orc skeletons (D:4)
  2 orc zombies (D:4)
  9 rats
89 creatures vanquished.

Notes
Turn   | Place    | Note
-------+----------+-------------------------------------------
     0 | D:1      | polly the Gargoyle Fighter began the quest for the Orb.
     0 | D:1      | Reached XP level 1. HP: 14/14 MP: 1/1
    73 | D:1      | Reached XP level 2. HP: 16/19 MP: 2/2
   541 | D:1      | Reached XP level 3. HP: 21/23 MP: 3/3
  1114 | D:2      | Reached XP level 4. HP: 28/28 MP: 4/4
  1424 | D:3      | Reached skill level 1 in Dodging
  1540 | D:3      | Noticed Robin
  1567 | D:3      | Killed Robin
  1567 | D:3      | Reached XP level 5. HP: 10/32 MP: 5/5
  1856 | D:3      | Found a stormy altar of Qazlal.
  2290 | D:3      | Found a sacrificial altar of Ru.
  2626 | D:4      | Reached XP level 6. HP: 38/38 MP: 6/6
  2953 | D:4      | Found a sand-covered staircase.
  2958 | Ossuary  | Entered an ossuary
  2978 | Ossuary  | Slain by a human zombie

Vault maps used:
D:1:      roderic_chinese_lattice_arrival, minmay_misc_feat_square,
          minmay_pentomino_p2
D:2:      first_bread
D:3:      old_standard_altar, nicolae_ru_the_path_less_chosen, uniq_robin
D:4:      nicolae_ossuary_entry_catacombs
Ossuary:  ossuary_minmay_tomb_2a

Skill      XL: |  1  2  3  4  5  6 |
---------------+-------------------+-----
Shields        | 4 |  4.8
Maces & Flails | 3 4 |  4.3
Dodging        | 1 |  1.8
Armour         | 4 |  4.0
Fighting       | |  3.9
Stealth        | |  0.2

Action                   |  1- 3 |  4- 6 || total
-------------------------+-------+-------++-------
Melee: Flail             |   209 |   237 ||   446
  Use: Scroll            |       |     3 ||     3
       Potion            |       |     7 ||     7
 Stab: Invisible         |       |     1 ||     1
  Eat: Chunk             |     1 |     6 ||     7
Armor: Scale mail        |   149 |   187 ||   336
Dodge: Dodged            |    97 |   129 ||   226
Block: Shield            |   151 |   175 ||   326
